 Dungeon Crawl Stone Soup version 0.31.0-32-g396128a36d (webtiles) character file.

Game seed: 9477107693056037671

2331034 Whimmes the Conqueror (level 27, 245/245 HPs)
             Began as a Hill Orc Berserker on Apr 5, 2024.
             Was a High Priest of Trog.
             Escaped with the Orb
             ... and 4 runes on Apr 16, 2024!
             The game lasted 15:51:32 (72449 turns).

Whimmes the Conqueror (Hill Orc Berserker)         Turns: 72449, Time: 15:51:32

Health: 245/245    AC: 39    Str: 37    XL:     27
Magic:  27/27      EV: 19    Int:  8    God:    Trog [*****.]
Gold:   4603       SH: 24    Dex: 15    Spells: 26/26 levels left

rFire   + + +        l - +8 trishula "Condemnation" {holy, anguish, *Noise Fly rN+}
rCold   + + +        k - +2 kite shield {rC+ rF+}
rNeg    + . .        r - +2 gold dragon scales
rPois   +            Z - +2 hat of the Arcane {MP+9 Str+3}
rElec   .            X - scarf {rC+ rF+}
rCorr   +            Y - +2 pair of gloves of the Spheres {Fly Dex+4 SInv}
SInv    +            e - +5 pair of boots "Kowajihu" {rC+ Dex+3}
Will    ++...        C - amulet of reflection Stlth
                     Q - ring of Xom's Attic {rPois rC++ rCorr Dex-2}
HPRegen 0.60/turn    d - ring "Toshowku" {EV+5 Str+4 Int+3}
MPRegen 0.20/turn

%: random rage (3%), reflection
@: flying, studying Staves
A: hooves 1, iridescent scales 1, see invisible, berserk 1, dopey 1, frail 1,
low MP 2, screaming 1, weak 2
0: Orb of Zot
}: 4/15 runes: decaying, slimy, silver, gossamer
a: Renounce Religion, Berserk, Trog's Hand, Brothers in Arms


You escaped.
You worshipped Trog.
Trog was extremely pleased with you.
You visited 11 branches of the dungeon, and saw 53 of its levels.
You visited the Abyss 1 time.
You visited 1 ziggurat, and saw 11 of its levels.
You also visited: Bailey, Ice Cave and Volcano.

You collected 8576 gold pieces.
You spent 3973 gold pieces at shops.

Inventory:

Hand Weapons
 a - a +7 antimagic broad axe
 l - the +8 trishula "Condemnation" (weapon) {holy, anguish, *Noise Fly rN+}
   (You bought it in a shop on level 2 of the Orcish Mines)

   rN+:       It protects you from negative energy.
   Fly:       It grants you flight.
   *Noise:    It may make a loud noise when swung.
 n - a +8 heavy broad axe
 p - the +6 demon trident of the Badger {flame, Will+ rCorr Dex+3}
   (Trog gifted it to you on level 2 of the Depths)

   Dex+3:     It affects your dexterity (+3).
   Will+:     It increases your willpower.
   rCorr:     It protects you from acid and corrosion.
Missiles
 w - a throwing net
 S - 4 javelins (quivered)
Armour
 e - the +5 pair of boots "Kowajihu" (worn) {rC+ Dex+3}
   (You found it on level 15 of the Dungeon)

   Dex+3:     It affects your dexterity (+3).
   rC+:       It protects you from cold.
 k - a +2 kite shield of resistance (worn)
 r - +2 gold dragon scales (worn)
 y - a +2 cloak
 X - a scarf of resistance (worn)
 Y - the +2 pair of gloves of the Spheres (worn) {Fly Dex+4 SInv}
   (You found it on level 3 of the Depths)

   Dex+4:     It affects your dexterity (+4).
   SInv:      It lets you see invisible.
   Fly:       It grants you flight.
 Z - the +2 hat of the Arcane (worn) {MP+9 Str+3}
   (You found it on level 4 of the Spider Nest)

   Str+3:     It affects your strength (+3).
   MP+9:      It affects your magic capacity (+9).
Jewellery
 d - the ring "Toshowku" (right hand) {EV+5 Str+4 Int+3}
   (You took it off an orc wizard on level 5 of the Vaults)

   [ring of evasion]

   EV+5:      It affects your evasion (+5).
   Str+4:     It affects your strength (+4).
   Int+3:     It affects your intelligence (+3).
 g - the amulet of Hedonism {Acrobat rPois Will+ rCorr Dex-5}
   (You took it off an orc on level 5 of the Vaults)

   [amulet of the acrobat]

   Acrobat:   It increases your evasion while moving and waiting.
   Dex-5:     It affects your dexterity (-5).
   rPois:     It protects you from poison Will+: It increases your willpower.
   rCorr:     It protects you from acid and corrosion.
 C - an amulet of reflection (around neck)
 E - the ring "Kuothrau" {rF+ rN+ Will+}
   (You took it off a deep elf elementalist on level 3 of the Elven Halls)

   [ring of positive energy]

   rF+:       It protects you from fire.
   rN+:       It protects you from negative energy.
   Will+:     It increases your willpower.
 P - the ring of Teyss {rF+ EV+5 Int+2}
   (You found it on level 9 of a ziggurat)

   [ring of evasion]

   EV+5:      It affects your evasion (+5).
   Int+2:     It affects your intelligence (+2).
   rF+:       It protects you from fire.
 Q - the ring of Xom's Attic (left hand) {rPois rC++ rCorr Dex-2}
   (You found it on level 10 of a ziggurat)

   [ring of poison resistance]

   Dex-2:     It affects your dexterity (-2).
   rC++:      It greatly protects you from cold.
   rPois:     It protects you from poison rCorr: It protects you from acid and
   corrosion.
Wands
 m - a wand of charming (20)
 o - a wand of roots (47)
 F - a wand of flame (100)
 J - a wand of digging (28)
 L - a wand of light (13)
 T - a wand of mindburst (7)
Scrolls
 i - a scroll of butterflies
 q - a scroll of blinking
 t - 8 scrolls of poison
 u - 4 scrolls of immolation
 v - 19 scrolls of teleportation
 z - 17 scrolls of fog
 K - 4 scrolls of silence
 O - 2 scrolls of fear
Potions
 b - a potion of berserk rage
 c - 10 potions of mutation
 f - 4 potions of resistance
 h - 2 potions of attraction
 j - 9 potions of enlightenment
 x - a potion of cancellation
 A - a potion of lignification
 B - 4 potions of might
 D - 20 potions of curing
 G - 2 potions of haste
 U - a potion of heal wounds
Miscellaneous
 s - a phial of floods
 I - a lightning rod (4/4)
 R - a phantom mirror
 W - a box of beasts


   Skills:
 O Level 27 Fighting
 - Level 20.8(27) Axes
 - Level 26.2(27) Polearms
 - Level 16.0 Throwing
 - Level 20.0 Armour
 + Level 13.1 Dodging
 - Level 25.0 Shields
 - Level 10.3 Evocations


You had 26 spell levels left.
You didn't know any spells.
Your spell library was empty.

Dungeon Overview and Level Annotations

Branches:
Dungeon (15/15)            Temple (1/1) D:5            Lair (5/5) D:10
  Swamp (4/4) Lair:2       Spider (4/4) Lair:3        Slime (5/5) Lair:5
    Orc (2/2) D:10            Elf (3/3) Orc:2        Vaults (5/5) D:13
  Crypt (0/3) Vaults:2     Depths (4/4) D:15            Zot (5/5) Depths:4
 Bailey (visited)           IceCv (visited)         Volcano (visited)

Altars:
Ashenzari
Cheibriados
Dithmenos
Elyvilon
Fedhas
Gozag
Hepliaklqana
Kikubaaqudgha
Makhleb
Nemelex Xobeh
Okawaru
Qazlal
Ru
Sif Muna
Trog
Uskayaw
Vehumet
Wu Jian
Xom
Yredelemnul
Zin
The Shining One
Beogh
Jiyva
Lugonu

Shops:
D:4 :   Orc:2 [=(*(   Elf:3 *   Vaults:2 ?   Vaults:3 [*=*   Depths:2 =:=

Portals:
Hell: Depths:1 Depths:2 Depths:3 Depths:4
Abyss: Lair:5 Depths:1 Depths:3 Depths:4
Pandemonium: Depths:1 Depths:2


Innate Abilities, Weirdness & Mutations

You have large cloven feet.
You are partially covered in iridescent scales. (AC +2)
You have supernaturally acute eyesight. (SInv)
You sometimes lose your temper in combat.
You are dopey. (Int -2)
You are frail. (-10% HP)
Your magical capacity is very low. (-20% MP)
You occasionally shout uncontrollably at your foes.
You are very weak. (Str -4)


Message History

There is a stone staircase leading down here.
There is an open door here.
There is a stone staircase leading up here.
You fly upwards.
There is a stone staircase leading down here.
An Orb Guardian comes into view.
You feel yourself speed up. You block the Orb Guardian's attack.
The Orb Guardian attacks as it pursues you!
You block the Orb Guardian's attack.
The Orb Guardian attacks as it pursues you!
You block the Orb Guardian's attack.
There is a stone staircase leading up here.
You fly upwards.
There is a stone staircase leading down here.
You yell at the sixfirhy!
A Rehuogiuh and a sixfirhy come into view.
Rehuogiuh moves out of view.
The sixfirhy moves out of view.
The sixfirhy completely misses you. You block the sixfirhy's attack.
The sixfirhy attacks as it pursues you! You block the sixfirhy's attack.
The sixfirhy closely misses you.
There is a stone staircase leading up here.
The sixfirhy hits you but does no damage.
You block the sixfirhy's attack.
You fly upwards.
There is a stone staircase leading down here.
You yell at the sun demon!
A Qoqoutekk, a lich and a sun demon come into view.
Blink to where?
Press: ? - help, Q - select action, (/) - cycle Dir - move target
As you read the scroll of blinking, it crumbles to dust.
The sun demon shouts!
There is a stone staircase leading up here.
You fly upwards.
Your extra speed is starting to run out.
There is a stone staircase leading down here.
You feel yourself slow down.
There is a staircase leading out of the dungeon here.
You have escaped!

#########..####..# #..##.# #.#
........#........# #.....#####.#
#########..#####.####..##.....#.#
#### #.†# #....##..#>#.##.#.#
...# #..# #....##..####.#.#.#
##.######..####........#>#......#
#......#..............#..###..##
########..........##..#.## #..#
#.....#..####.@..##..#..###..##
#.#####..# #....##..###.##..##
#.# #..# #....##..# #.##..##
#.#####..# ###.###..###.##..##
###.....#..# #.# #..#..###..##
........#..######.###..#>.##.....
..#######..............#.........
......# #..............#[>##.....
..###.# #..............#.........


There were no monsters in sight!

Vanquished Creatures
  the Royal Jelly (Slime:5)
  A dread lich (Vaults:5)
  6 orbs of fire
  5 ancient liches
  2 juggernauts (Depths:2)
  The ghost of Udadeo the Petrodigitator, a legendary GrEE of Vehumet (Depths:4)
  Bai Suzhen (Swamp:2)
  The ghost of Adot the Sorcerer, a veteran DEFE of Vehumet (Depths:4)
  4 Killer Klowns
  Saint Roka (Elf:2)
  3 curse toes
  A caustic shrike (Depths:3)
  The ghost of Gemnonof the Warrior, an adept DgCj (Depths:4)
  10 golden dragons
  Nikola (Spider:1)
  2 bone dragons
  Arachne (Spider:4)
  2 doom hounds (Depths:2)
  A Tzitzimitl (Depths:2)
  An Ice Fiend (Zig:11)
  Jorgrun (Swamp:1)
  3 electric golems
  17 tentacled monstrosities
  27 Orb Guardians
  A walking crystal tome (Depths:3)
  A Hell Sentinel (Depths:4)
  3 deep elf blademasters
  A walking earthen tome (Depths:3)
  3 titans
  4 liches
  Asterion (Spider:4)
  6 sphinxes
  Grunn (Depths:2)
  2 deep elf master archers (Elf:3)
  6 quicksilver dragons
  27 acid blobs
  A tentacled starspawn (Abyss:3)
  10 storm dragons
  6 tengu reavers
  9 shadow dragons
  8 death cobs
  Aizul (Spider:1)
  Kirke (D:12)
  A nargun (Zig:11)
  Donald (Spider:4)
  3 draconian monks
  9 azure jellies (Slime:5)
  A nagaraja (Zig:5)
  12 frost giants
  7 draconian shifters
  6 emperor scorpions
  22 rockslimes
  The ghost of mursu the Cleaver, a journeyman DgFi (D:15)
  2 draconian knights
  9 fire giants
  7 deep elf sorcerers
  A balrug (Depths:1)
  5 protean progenitors
  3 iron dragons
  7 draconian scorchers
  8 deep elf elementalists (Elf:3)
  16 vault wardens
  Louise (Elf:1)
  11 ghost moths
  A ghost moth (shapeshifter) (Depths:2)
  2 reapers (IceCv)
  2 draconian stormcallers
  8 formless jellyfish
  10 draconian annihilators
  4 spriggan defenders
  13 quicksilver oozes
  12 very ugly things
  The ghost of nitefall the Eclecticist, a journeyman DjCj of Ashenzari (Lair:4)
  24 ironbound preservers
  3 broodmothers
  24 stone giants
  6 orc warlords
  7 green draconians
  8 ironbound thunderhulks
  4 vampire knights
  4 deep elf demonologists (Elf:3)
  6 eleionomae
  A putrid mouth (Depths:2)
  7 deep elf death magi
  10 black draconians
  17 dire elephants
  7 wendigos (Zig:11)
  9 white draconians
  13 deep elf annihilators
  3 war gargoyles
  6 spark wasps
  3 starcursed masses (Abyss:3)
  23 purple draconians
  3 bunyips
  14 yellow draconians
  9 red draconians
  12 ettins
  A fire dragon (shapeshifter) (Elf:1)
  5 entropy weavers
  A jiangshi (Depths:4)
  A deep elf high priest (Vaults:5)
  29 vault guards
  8 yaktaur captains
  8 fire dragons
  15 great orbs of eyes
  9 hydras
  7 spriggan air magi
  3 rakshasas
  14 alligators
  16 ice dragons
  3 ogre magi
  Erolcha (Orc:2)
  A peacekeeper (Vaults:2)
  6 ironbound frosthearts
  2 caustic shrike simulacra (IceCv)
  A ghost crab (Zig:3)
  4 catoblepae
  2 jorogumos
  A radroach (Spider:3)
  6 centaur warriors
  26 dancing weapons
  8 deep troll shamans
  A sphinx skeleton (Depths:1)
  5 boulder beetles
  5 tengu warriors
  3 death yaks (Lair:3)
  4 vampire magi
  5 hell hogs
  8 two-headed ogres
  2 orc high priests
  8 demonic crawlers
  4 thrashing horrors
  5 spriggan berserkers
  The ghost of Destapler the Ducker, a novice TrBe of Trog (D:7)
  12 deep troll earth magi
  A shock serpent (shapeshifter) (D:15)
  7 hell knights
  A soul eater (Depths:4)
  A sun demon (Depths:1)
  19 deep elf knights
  A shadow wraith (Vaults:5)
  8 iron trolls
  3 skeletal warriors (D:14)
  2 skysharks (Vaults:3)
  A wretched star (Abyss:3)
  A shining eye (shapeshifter) (Vaults:5)
  2 flayed ghosts (Depths:2)
  5 pharaoh ants
  A goliath frog (Swamp:1)
  7 glowing orange brains
  4 spriggan druids
  53 deep trolls
  12 orb spiders
  3 sun moths
  4 swamp dragons
  7 arcanists
  A sun moth (shapeshifter) (Elf:1)
  3 bog bodies
  19 deep elf archers
  A shadow demon (Zot:5)
  4 harpies (Vaults:1)
  3 orange crystal statues (Zig:3)
  6 lindwurms
  5 phantasmal warriors
  A golden dragon skeleton (Zig:6)
  42 deep elf pyromancers
  32 deep elf zephyrmancers
  16 ironbound convokers
  2 obsidian statues (IceCv)
  A harpy (shapeshifter) (D:15)
  14 steelbarb worms
  8 necromancers
  16 orc knights
  25 wolf spiders
  7 orc sorcerers
  4 cyclopes
  5 manticores
  3 will-o-the-wisps
  A wolf spider (shapeshifter) (Depths:3)
  A tengu skeleton (Vaults:1)
  32 moths of wrath
  A moth of wrath (shapeshifter) (D:15)
  39 ugly things
  A worldbinder (Abyss:3)
  A manticore (shapeshifter) (Vaults:5)
  5 meliai
  3 steelbarb worms (shapeshifter)
  5 shining eyes
  7 kobold blastminers
  7 black mambas
  3 water nymphs (shapeshifter)
  An ice statue (Zig:3)
  A naga mage (Zig:5)
  13 cane toads
  2 eyes of devastation
  7 elephants
  2 smoke demons
  A torpor snail (shapeshifter) (Elf:1)
  A fire giant skeleton (Vaults:1)
  2 torpor snails (Spider:4)
  4 large abominations
  16 vault sentinels
  A rime drake (D:10)
  22 yaktaurs
  13 komodo dragons
  An unseen horror (D:12)
  8 freezing wraiths
  An ice devil (IceCv)
  A tengu conjurer (Depths:2)
  5 golden dragon simulacra (IceCv)
  A queen bee (shapeshifter) (D:15)
  5 tormentors
  A polar bear (Lair:2)
  7 trolls
  8 tyrant leeches
  A hellwing (D:11)
  28 tarantellas
  16 hornets
  A raiju (shapeshifter) (Elf:1)
  33 blink frogs
  An iron dragon simulacrum (Abyss:3)
  An alligator simulacrum (IceCv)
  16 dream sheep
  4 glass eyes
  4 raiju
  A snapping turtle (shapeshifter) (Elf:1)
  A spriggan zombie (Zig:6)
  92 slime creatures
  16 culicivoras
  A stone giant simulacrum (Depths:1)
  3 spriggans (shapeshifter)
  7 air elementals
  2 shadows
  7 vampires (D:11)
  2 ynoxinuls (Lair:5)
  22 spriggans
  31 jumping spiders
  2 water elementals
  39 yaks
  7 wyverns
  3 hogs (shapeshifter)
  A fire elemental (Elf:2)
  9 wargs
  7 golden eyes
  3 neqoxecs
  4 hogs (D:12)
  3 steam dragons
  3 wraiths
  A human (shapeshifter) (D:15)
  10 fire bats
  A golden eye (shapeshifter) (D:15)
  4 vampire mosquitoes
  57 redbacks
  7 basilisks
  A human simulacrum (Vaults:1)
  A minotaur simulacrum (IceCv)
  4 chaos spawn (Lair:5)
  4 swamp worm simulacra (Swamp:4)
  Menkaure (D:5)
  A glowing shapeshifter zombie (Vaults:1)
  Edmund (D:5)
  10 swamp worms
  12 water moccasins
  2 acid dragons
  2 hell hounds (Volcano)
  18 hydra simulacra
  A sky beast (D:4)
  3 ettin simulacra (IceCv)
  A glowing shapeshifter skeleton (Depths:1)
  55 orc warriors
  8 ice beasts
  A swamp drake (Swamp:4)
  2 black bears
  15 ogres
  2 laughing skulls (D:14)
  14 small abominations
  8 wolves
  A centaur (D:6)
  A phantom (D:5)
  2 weeping skulls (Abyss:3)
  5 kobold brigands
  4 human zombies (Vaults:1)
  11 bullfrogs
  2 deep troll simulacra (IceCv)
  A gnoll sergeant (D:10)
  5 earth elementals
  2 scorpions
  24 wights
  11 killer bees
  A lindwurm simulacrum (IceCv)
  3 electric eels
  7 howler monkeys
  2 bombardier beetles
  A quasit (Abyss:3)
  A jelly (D:5)
  A hound (D:7)
  17 orc priests
  Natasha (thrice) (D:4)
  6 iguanas
  28 orc wizards
  7 hell rats (Lair:2)
  A centaur simulacrum (D:7)
  A bullfrog simulacrum (D:7)
  A mummy (Zig:6)
  6 adders
  7 gnolls
  3 shadow imps (D:4)
  9 white imps
  4 swamp drake simulacra (Swamp:4)
  5 ufetubi
  A dart slug (D:1)
  5 ribbon worms
  67 orcs
  5 endoplasms
  A giant cockroach (D:4)
  8 goblins
  9 hobgoblins
  4 jackals (D:1)
  13 kobolds
  3 ball pythons
  5 bats
  5 frilled lizards
  7 rats
2361 creatures vanquished.

Vanquished Creatures (collateral kills)
  A doom hound (Depths:2)
  A rockslime (Slime:5)
  An orc warlord (Orc:2)
  A cacodemon (D:15)
  A dancing weapon (Elf:2)
  An obsidian statue (Vaults:3)
  An orc knight (Orc:2)
  A deep elf pyromancer (Elf:3)
  A cyclops (D:15)
  An ugly thing (D:15)
  A deep elf zephyrmancer (Elf:2)
  A kobold blastminer (Orc:2)
  A troll (Orc:2)
  A wind drake (shapeshifter) (D:15)
  A warg (Zig:10)
  6 orc warriors
  An ogre (Zig:10)
  3 orc priests (Orc:2)
  An orc wizard (Elf:2)
  2 orcs
28 creatures vanquished.

Vanquished Creatures (others)
  An orb of fire (Zot:5)
  Mara (Vaults:5)
  2 caustic shrikes (Depths:3)
  3 golden dragons
  Norris (Vaults:3)
  A quicksilver dragon (Vaults:5)
  A tentacled monstrosity (Zot:5)
  An Executioner (Depths:3)
  2 storm dragons
  2 fenstrider witches (Zig:3)
  2 draconian shifters
  A fire giant (Depths:4)
  2 draconian knights
  A draconian stormcaller (Zot:1)
  A draconian scorcher (Zot:2)
  A ghost moth (Spider:4)
  A spriggan defender (Depths:2)
  A draconian annihilator (Zot:2)
  A very ugly thing (Abyss:3)
  An ironbound preserver (Vaults:3)
  An ironbound thunderhulk (Vaults:3)
  2 black draconians
  A yellow draconian (Zot:2)
  A white draconian (Zot:2)
  A deep elf annihilator (Elf:3)
  A spark wasp (Zot:1)
  A dire elephant (Vaults:1)
  Snorg (D:13)
  2 ettins
  A yaktaur captain (Vaults:5)
  A jiangshi (Depths:4)
  2 vault guards
  An ice dragon (D:15)
  5 ironbound frosthearts
  A boulder beetle (D:14)
  A spriggan berserker (Depths:2)
  A deep troll earth mage (Depths:4)
  2 deep elf knights
  A flayed ghost (Vaults:5)
  An iron troll (Zig:10)
  A spriggan druid (Swamp:3)
  4 deep trolls
  An ironbound convoker (Vaults:1)
  A lindwurm (Vaults:2)
  An orc knight (Zig:10)
  A deep elf pyromancer (Elf:3)
  3 wolf spiders
  A black mamba (shapeshifter) (D:15)
  An unseen horror (D:13)
  2 bloated husks
  A tarantella (Lair:3)
  A raiju (Abyss:3)
  A wind drake (shapeshifter) (Elf:1)
  A hornet (Swamp:1)
  A jumping spider (Spider:1)
  3 culicivoras (Spider:1)
  A redback (Spider:1)
  A hog (shapeshifter) (Elf:1)
  A chaos spawn (Abyss:3)
  2 orc warriors (Zig:10)
  14 foxfires
  A spectral weapon (Spider:4)
  2 starspawn tentacles (Abyss:3)
101 creatures vanquished.

Grand Total: 2490 creatures vanquished

Notes
Turn   | Place    | Note
-------+----------+-------------------------------------------
     0 | D:1      | Whimmes the Hill Orc Berserker began the quest for the Orb.
     0 | D:1      | Reached XP level 1. HP: 19/19 MP: 1/1
    71 | D:1      | Reached XP level 2. HP: 27/27 MP: 2/2
    76 | D:1      | Reached skill level 4 in Fighting
   777 | D:2      | Reached XP level 3. HP: 34/34 MP: 3/3
   841 | D:2      | Reached XP level 4. HP: 41/41 MP: 4/4
   897 | D:2      | Reached skill level 5 in Fighting
  1158 | D:2      | Reached ** piety under Trog
  1248 | D:2      | Identified the +5 ring mail of the Soldier {rF+ Int+3}
  1442 | D:3      | Reached skill level 5 in Axes
  1687 | D:3      | Noticed a +0 dagger
  1688 | D:3      | Noticed a +0 short sword
  1688 | D:3      | Noticed a +0 spear
  1689 | D:3      | Noticed a +0 falchion
  1689 | D:3      | Noticed a +0 falchion
  1689 | D:3      | Noticed a +0 dagger
  1689 | D:3      | Noticed a +0 short sword
  1690 | D:3      | Noticed a +0 spear
  1709 | D:3      | Found a hide-covered altar of Uskayaw.
  1810 | D:3      | Reached XP level 5. HP: 48/48 MP: 5/5
  1973 | D:3      | Found a bloodstained altar of Trog.
  1975 | D:3      | Found a burning altar of Makhleb.
  1978 | D:3      | Found a glowing silver altar of Zin.
  2227 | D:4      | Noticed Natasha
  2235 | D:4      | Killed Natasha
  2236 | D:4      | Reached XP level 6. HP: 56/56 MP: 6/6
  2250 | D:4      | Noticed Natasha
  2318 | D:4      | Noticed a sky beast
  2329 | D:4      | Killed Natasha
  2330 | D:4      | Reached skill level 5 in Armour
  2340 | D:4      | Killed a sky beast
  2453 | D:4      | Noticed a black bear
  2459 | D:4      | Killed a black bear
  2460 | D:4      | Reached XP level 7. HP: 61/61 MP: 7/7
  2493 | D:4      | Noticed Natasha
  2529 | D:4      | Killed Natasha
  2615 | D:4      | Found Ynaehyluc's Book Shop.
  2732 | D:5      | Entered Level 5 of the Dungeon
  2782 | D:5      | Found a staircase to the Ecumenical Temple.
  2788 | D:5      | Found a shimmering altar of Xom.
  2833 | D:5      | Noticed Edmund
  2858 | D:5      | Noticed Menkaure
  2865 | D:5      | Killed Edmund
  3140 | D:5      | Reached skill level 10 in Axes
  3147 | D:5      | Reached XP level 8. HP: 68/68 MP: 8/8
  3223 | D:5      | Found a sparkling altar of Nemelex Xobeh.
  3223 | D:5      | Found an ancient bone altar of Kikubaaqudgha.
  3392 | D:5      | Killed Menkaure
  3489 | Temple   | Entered the Ecumenical Temple
  3773 | D:6      | Reached *** piety under Trog
  4234 | D:7      | Noticed a wyvern
  4244 | D:7      | Killed a wyvern
  4245 | D:7      | Reached XP level 9. HP: 14/74 MP: 9/9
  4296 | D:7      | Found a runed translucent gate.
  4297 | D:7      | Found a runed translucent gate.
  4297 | D:7      | Found a runed translucent gate.
  4348 | D:7      | Found a stormy altar of Qazlal.
  4399 | D:7      | Found a glowing golden altar of the Shining One.
  4463 | D:7      | Noticed Destapler's ghost (novice TrBe)
  4522 | D:7      | Found a flagged portal.
  4530 | D:7      | Identified the +9 halberd "Ciorunga" {speed, Fly rCorr
                  | Int+2}
  4536 | Bailey   | Entered a bailey
  4547 | Bailey   | Reached skill level 1 in Polearms
  4706 | Bailey   | Noticed a two-headed ogre
  4712 | Bailey   | Killed a two-headed ogre
  4713 | Bailey   | Reached XP level 10. HP: 81/81 MP: 10/10
  4779 | Bailey   | Identified the +2 acid dragon scales of Wiuz {Rampage rPois
                  | Regen+ rCorr}
  4916 | Bailey   | Identified the +1 rapier of Laij {freeze, rC- rN+ rCorr}
  5539 | D:8      | Reached skill level 10 in Polearms
  6019 | D:8      | Reached **** piety under Trog
  6105 | D:8      | Identified the +4 quarterstaff of Julex {freeze, ^Contam
                  | Str+3 Int+2 Stlth+}
  6870 | D:9      | Noticed a two-headed ogre
  6881 | D:9      | Killed a two-headed ogre
  6882 | D:9      | Reached XP level 11. HP: 86/86 MP: 11/11
  7296 | D:10     | Entered Level 10 of the Dungeon
  7983 | D:10     | Found a staircase to the Lair.
  8235 | D:10     | Found a staircase to the Orcish Mines.
  8760 | D:11     | Noticed a manticore
  8771 | D:11     | Killed a manticore
  8772 | D:11     | Reached skill level 6 in Fighting
  9044 | D:11     | Found a burning altar of Makhleb.
  9044 | D:11     | Noticed a vampire mage
  9055 | D:11     | Killed a vampire mage
  9056 | D:11     | Reached skill level 7 in Fighting
  9092 | D:11     | Reached skill level 8 in Fighting
  9379 | D:11     | Noticed a cyclops
  9390 | D:11     | Killed a cyclops
  9487 | Lair:1   | Entered Level 1 of the Lair of Beasts
  9509 | Lair:1   | Reached skill level 9 in Fighting
  9513 | Lair:1   | Reached XP level 12. HP: 105/105 MP: 12/12
  9575 | Lair:1   | Reached skill level 10 in Fighting
  9679 | Lair:1   | Reached skill level 11 in Fighting
  9741 | Lair:1   | Reached ***** piety under Trog
  9812 | Lair:1   | Reached skill level 12 in Fighting
 10027 | Lair:1   | Reached skill level 13 in Fighting
 10657 | Lair:2   | Reached skill level 14 in Fighting
 10977 | Lair:2   | Reached skill level 15 in Fighting
 10977 | Lair:2   | Reached XP level 13. HP: 126/126 MP: 13/13
 11061 | Lair:2   | Found a staircase to the Swamp.
 11153 | Lair:2   | Reached skill level 16 in Fighting
 11156 | Lair:2   | Received a gift from Trog
 11565 | Lair:3   | Found a hole to the Spider Nest.
 11839 | Lair:3   | Found a dark tunnel.
 11848 | Volcano  | Entered a volcano
 12025 | Volcano  | Identified the +0 pair of boots "Godonlin" {Str+2 Dex+2}
 12306 | Lair:3   | Reached skill level 10 in Armour
 13041 | Lair:4   | Found a runed translucent gate.
 13041 | Lair:4   | Found a runed translucent gate.
 13042 | Lair:4   | Found a runed translucent gate.
 13042 | Lair:4   | Noticed nitefall's ghost (journeyman DjCj)
 13101 | Lair:4   | Received a gift from Trog
 13113 | Lair:4   | Reached skill level 17 in Fighting
 13383 | Lair:4   | You are sucked into a shaft and drop 1 floor!
 13383 | Lair:5   | Entered Level 5 of the Lair of Beasts
 13411 | Lair:5   | Reached XP level 14. HP: 140/140 MP: 14/14
 13720 | Lair:5   | Reached skill level 18 in Fighting
 14051 | Lair:5   | Found a staircase to the Slime Pits.
 14331 | Lair:5   | Reached skill level 19 in Fighting
 14786 | Lair:5   | Identified the +6 hand axe of Waofeewo {antimagic, Fly
                  | Str-5 Dex+3} (Trog gifted it to you on level 5 of the Lair
                  | of Beasts)
 14786 | Lair:5   | Received a gift from Trog
 14793 | Lair:5   | Reached skill level 20 in Fighting
 14822 | Lair:5   | Reached skill level 15 in Axes
 14927 | Lair:5   | Found a corrupted altar of Lugonu.
 14927 | Lair:5   | Found a one-way gate to the infinite horrors of the Abyss.
 15226 | Orc:1    | Entered Level 1 of the Orcish Mines
 15385 | Orc:2    | Entered Level 2 of the Orcish Mines
 15393 | Orc:1    | Noticed an orc warlord
 15407 | Orc:1    | Killed an orc warlord
 15669 | Orc:2    | Reached XP level 15. HP: 155/155 MP: 5/15
 15844 | Orc:2    | Noticed an orc warlord
 15848 | Orc:2    | Noticed an orc warlord
 15854 | Orc:2    | Killed an orc warlord
 15863 | Orc:2    | Killed an orc warlord
 15955 | Orc:2    | Found Efyginn's Antique Weapon Boutique.
 16205 | Orc:2    | Found a roughly hewn altar of Beogh.
 16211 | Orc:2    | Received a gift from Trog
 16212 | Orc:2    | Noticed an orc warlord
 16216 | Orc:2    | Found Duowud's Antique Weapon Shop.
 16216 | Orc:2    | Noticed Erolcha
 16228 | Orc:2    | Killed an orc warlord
 16229 | Orc:2    | Killed Erolcha
 16509 | Orc:2    | Found a staircase to the Elven Halls.
 16518 | Orc:2    | Found Ohiucita's Jewellery Shop.
 16532 | Orc:2    | Found Luor's Antique Armour Shop.
 16595 | Orc:2    | Found Mueq's General Store.
 16960 | D:7      | Got the ring "Erujoc" {Fire rN++ rCorr Int-2 Stlth+}
 16973 | D:7      | Killed Destapler's ghost
 17138 | D:12     | Noticed Kirke
 17145 | D:12     | Reached skill level 5 in Dodging
 17152 | D:12     | Killed Kirke
 17366 | Orc:2    | Bought the +8 trishula "Condemnation" {holy, anguish,
                  | *Noise Fly rN+} for 1973 gold pieces
 17366 | Orc:2    | Found the +8 trishula "Condemnation" {holy, anguish, *Noise
                  | Fly rN+}
 17601 | D:12     | Reached skill level 1 in Shields
 18218 | D:13     | Reached skill level 5 in Shields
 18222 | D:13     | Noticed Snorg
 18228 | D:13     | Killed Snorg
 18355 | D:13     | Identified the +7 orcbow of Animal Spirits {heavy, rElec
                  | SInv}
 18481 | D:13     | Found a gate to the Vaults.
 18883 | D:14     | Received a gift from Trog
 19345 | D:14     | Reached XP level 16. HP: 162/162 MP: 16/16
 20007 | D:15     | Entered Level 15 of the Dungeon
 20126 | D:15     | Reached skill level 10 in Shields
 20376 | D:15     | Found an ornate altar of the Wu Jian Council.
 20700 | D:15     | Found a runed translucent gate.
 20701 | D:15     | Found a runed translucent gate.
 20701 | D:15     | Found a runed translucent gate.
 20733 | D:15     | Found a runed translucent gate.
 20733 | D:15     | Found a runed translucent gate.
 20740 | D:15     | Noticed mursu's ghost (journeyman DgFi)
 20745 | D:15     | Found a runed translucent gate.
 20791 | D:15     | Reached XP level 17. HP: 168/170 MP: 17/17
 20792 | D:15     | Reached XP level 18. HP: 177/178 MP: 18/18
 20925 | D:15     | Received a gift from Trog
 21014 | D:15     | Found a staircase to the Depths.
 21344 | Orc:2    | Bought a translucent scale mail for 171 gold pieces
 21344 | Orc:2    | Identified the +0 scale mail "Fufod" {Str+3 Dex+3} (You
                  | bought it in a shop on level 2 of the Orcish Mines)
 21543 | Swamp:1  | Entered Level 1 of the Swamp
 21576 | Swamp:1  | Noticed Jorgrun
 21588 | Swamp:1  | Killed Jorgrun
 21840 | Swamp:1  | Reached skill level 10 in Dodging
 22152 | Swamp:2  | Identified the +4 great sword of Ashenzari, Imbibing {elec,
                  | Dex+3}
 22670 | Swamp:3  | Noticed Bai Suzhen
 22684 | Swamp:2  | Killed Bai Suzhen
 22747 | Swamp:3  | Reached skill level 15 in Polearms
 22966 | Swamp:3  | Received a gift from Trog
 23068 | Swamp:3  | Reached XP level 19. HP: 185/185 MP: 19/19
 23252 | Swamp:4  | Entered Level 4 of the Swamp
 24078 | Swamp:4  | Got a decaying rune of Zot
 24403 | Lair:4   | Killed nitefall's ghost
 24468 | Spider:1 | Entered Level 1 of the Spider Nest
 24487 | Spider:1 | Identified the serpent talisman of the Aged Villages {rC+
                  | Dex+5}
 24487 | Spider:1 | Noticed Aizul
 24503 | Spider:1 | Killed Aizul
 24515 | Spider:1 | Reached ****** piety under Trog
 24738 | Spider:1 | Identified the +1 pair of gloves of Death Resistance
                  | {Rampage +Blink Will- Str+5}
 24738 | Spider:1 | Noticed Nikola
 24758 | Spider:1 | Killed Nikola
 25006 | Spider:1 | Identified a scroll of acquirement
 25007 | Spider:1 | Acquired a +3 heavy broad axe
 25249 | Spider:2 | Reached skill level 10 in Throwing
 25494 | Spider:2 | Received a gift from Trog
 25893 | Spider:3 | Found a glacial archway.
 25907 | IceCv    | Entered an ice cave
 26576 | Spider:3 | Received a gift from Trog
 26679 | Spider:3 | Reached XP level 20. HP: 193/193 MP: 20/20
 27218 | Spider:4 | Entered Level 4 of the Spider Nest
 27402 | Spider:4 | Noticed Donald
 27495 | Spider:4 | Killed Donald
 27898 | Spider:4 | Noticed Asterion
 27916 | Spider:4 | Killed Asterion
 28182 | Spider:4 | Reached skill level 15 in Armour
 28367 | Spider:4 | Noticed Arachne
 28378 | Spider:4 | Killed Arachne
 28464 | Spider:4 | Identified the +2 hat of the Arcane {MP+9 Str+3}
 28479 | Spider:4 | Got a gossamer rune of Zot
 28806 | D:13     | Reached XP level 21. HP: 202/202 MP: 21/21
 28812 | Vaults:1 | Entered Level 1 of the Vaults
 28835 | Vaults:1 | Received a gift from Trog
 28865 | Vaults:1 | Reached skill level 21 in Fighting
 29722 | Vaults:1 | Reached skill level 22 in Fighting
 30107 | Vaults:1 | Reached XP level 22. HP: 126/212 MP: 22/22
 30293 | Vaults:1 | Identified the +8 mace "Tafe" {flame, rC+ Dex+4}
 30313 | Vaults:1 | Identified the +2 demon whip "Caokhy" {flame, Will+ Stlth+}
                  | (Trog gifted it to you on level 1 of the Vaults)
 30313 | Vaults:1 | Received a gift from Trog
 31577 | Vaults:2 | Found Avoewis's Magic Scroll Emporium.
 31632 | Vaults:2 | Bought a scroll of enchant armour for 90 gold pieces
 32198 | Vaults:2 | Found a staircase to the Crypt.
 32387 | Vaults:3 | Reached skill level 15 in Shields
 32706 | Vaults:3 | Found Dulliu's Assorted Antiques.
 32714 | Vaults:3 | Bought a pair of runed boots for 322 gold pieces
 32714 | Vaults:3 | Bought a brightly glowing ring mail for 387 gold pieces
 32714 | Vaults:3 | Identified the +2 ring mail of the Lobster {+Inv rElec rF-
                  | Int+4} (You bought it in a shop on level 3 of the Vaults)
 32734 | Vaults:3 | Received a gift from Trog
 32736 | Vaults:3 | Found Gokaagg's Jewellery Shop.
 32810 | Vaults:3 | Found a transporter.
 32822 | Vaults:3 | Found a transporter.
 32949 | Vaults:3 | Reached skill level 23 in Fighting
 32964 | Vaults:3 | Acquired 515 gold pieces
 33474 | Vaults:3 | Found Hakk's Armour Emporium.
 33504 | Vaults:3 | Identified the +4 quick blade of Accord {heavy, rPois rCorr
                  | Str+4 Dex-5} (Trog gifted it to you on level 3 of the
                  | Vaults)
 33504 | Vaults:3 | Received a gift from Trog
 33558 | Vaults:3 | Found Engeipn's Armour Boutique.
 33575 | Vaults:3 | Noticed Norris
 33592 | Vaults:3 | Killed Norris
 33717 | Vaults:3 | Found Usytut's General Store.
 34185 | Vaults:4 | Noticed a golden dragon
 34190 | Vaults:4 | Killed a golden dragon
 34191 | Vaults:4 | Reached skill level 24 in Fighting
 34412 | Vaults:4 | Reached XP level 23. HP: 229/229 MP: 23/23
 34597 | Vaults:3 | Bought the ring "Zovvionn" {Str+3 SInv} for 396 gold pieces
 35077 | Vaults:4 | Reached skill level 25 in Fighting
 35325 | Vaults:4 | Received a gift from Trog
 35821 | D:15     | Gained mutation: Your spells are a little easier to cast,
                  | but a little less powerful. [a neqoxec]
 35831 | D:15     | Killed mursu's ghost
 35834 | D:15     | Identified the +5 pair of boots "Kowajihu" {rC+ Dex+3}
 35838 | D:15     | Gained mutation: You are frail. (-10% HP) [mutagenic glow]
 35847 | D:15     | Gained mutation: You occasionally lose the ability to drink
                  | potions when taking damage. [mutagenic glow]
 35952 | D:15     | Gained mutation: Your body sometimes deteriorates upon
                  | taking damage. [mutagenic glow]
 36186 | D:15     | Lost mutation: Your body sometimes deteriorates upon taking
                  | damage. [potion of mutation]
 36186 | D:15     | Lost mutation: Your spells are a little easier to cast, but
                  | a little less powerful. [potion of mutation]
 36186 | D:15     | Gained mutation: You are clumsy. (Dex -2) [potion of
                  | mutation]
 36186 | D:15     | Gained mutation: You have a pair of small antennae on your
                  | head. [potion of mutation]
 36186 | D:15     | Gained mutation: Armour fits poorly on your strangely
                  | shaped body. [potion of mutation]
 36187 | D:15     | Lost mutation: Armour fits poorly on your strangely shaped
                  | body. [potion of mutation]
 36187 | D:15     | Lost mutation: You are clumsy. (Dex -2) [potion of
                  | mutation]
 36187 | D:15     | Lost mutation: You have a pair of small antennae on your
                  | head. [potion of mutation]
 36187 | D:15     | Lost mutation: You are frail. (-10% HP) [potion of
                  | mutation]
 36187 | D:15     | Gained mutation: You are strong-willed. (Will+) [potion of
                  | mutation]
 36187 | D:15     | Gained mutation: Your spells are a little harder to cast,
                  | but a little more powerful. [potion of mutation]
 36206 | Depths:1 | Entered Level 1 of the Depths
 36575 | Depths:1 | Found a one-way gate leading to the halls of Pandemonium.
 36653 | Depths:1 | Found a gateway to Hell.
 36997 | Depths:1 | Found a sparkling altar of Nemelex Xobeh.
 37341 | Depths:2 | Received a gift from Trog
 37450 | Depths:2 | Found Reygiq's Book Boutique.
 37451 | Depths:2 | Found Ejugraps's Jewellery Shoppe.
 37452 | Depths:2 | Found Yzin's Book Boutique.
 37531 | Depths:2 | Found Uwuyst's Jewellery Shop.
 37687 | Depths:2 | Noticed Grunn
 37695 | Depths:2 | Killed Grunn
 38011 | Depths:2 | Found a burning altar of Makhleb.
 38029 | Depths:2 | Found a glowing golden altar of the Shining One.
 38385 | Depths:2 | Reached XP level 24. HP: 213/242 MP: 16/23
 38431 | Depths:2 | Identified the +6 demon trident of the Badger {flame, Will+
                  | rCorr Dex+3} (Trog gifted it to you on level 2 of the
                  | Depths)
 38431 | Depths:2 | Received a gift from Trog
 38432 | Depths:2 | Noticed a juggernaut
 38433 | Depths:2 | Noticed a juggernaut
 38445 | Depths:2 | Killed a juggernaut
 38457 | Depths:2 | Killed a juggernaut
 38458 | Depths:2 | Reached skill level 15 in Throwing
 38829 | Depths:2 | Identified the +3 chain mail "Huusaren" {rElec MP+9}
 39480 | Depths:3 | Acquired a manual of Shields
 39550 | Depths:3 | Received a gift from Trog
 39786 | Depths:3 | Noticed a caustic shrike
 39790 | Depths:3 | Noticed a caustic shrike
 39793 | Depths:3 | Noticed a caustic shrike
 39796 | Depths:3 | Killed a caustic shrike
 39804 | Depths:3 | Killed a caustic shrike
 39807 | Depths:3 | Killed a caustic shrike
 40462 | Depths:3 | Identified the +2 pair of gloves of the Spheres {Fly Dex+4
                  | SInv}
 40541 | Depths:3 | Received a gift from Trog
 40790 | Depths:4 | Entered Level 4 of the Depths
 41210 | Depths:4 | Reached XP level 25. HP: 249/249 MP: 23/23
 41268 | Depths:4 | Noticed Adot's ghost (veteran DEFE)
 41269 | Depths:4 | Noticed Udadeo's ghost (legendary GrEE)
 41270 | Depths:4 | Found a runed translucent gate.
 41271 | Depths:4 | Noticed an ancient lich
 41274 | Depths:4 | Noticed an ancient lich
 41375 | Depths:4 | Noticed Gemnonof's ghost (adept DgCj)
 41377 | Depths:4 | Found a runed translucent gate.
 41377 | Depths:4 | Found an ancient bone altar of Kikubaaqudgha.
 41378 | Depths:4 | Found a runed translucent gate.
 41423 | Depths:4 | Identified the +0 helmet of the Thinker {Int+3}
 41678 | Depths:4 | Received a gift from Trog
 41698 | Depths:4 | Found a one-way gateway to a ziggurat.
 42235 | Depths:4 | Found a gate to the Realm of Zot.
 42341 | Depths:4 | Killed an ancient lich
 42348 | Depths:4 | Killed Adot's ghost
 42360 | Depths:4 | Killed an ancient lich
 42370 | Depths:4 | Killed Udadeo's ghost
 42378 | Depths:4 | Killed Gemnonof's ghost
 42397 | Depths:4 | Identified the ring "Guefoffi" {Fly rF+ Dex+4}
 42404 | Depths:4 | Identified the +1 pair of gloves "Koarih" {MP+9 Str-4
                  | Int+4}
 42410 | Depths:4 | Identified the +1 ring mail "Yckaur" {Dex+2}
 42977 | Elf:1    | Entered Level 1 of the Elven Halls
 42977 | Elf:1    | Found a runed translucent gate.
 42977 | Elf:1    | Found a runed translucent gate.
 42977 | Elf:1    | Found a runed translucent gate.
 42977 | Elf:1    | Found a runed translucent gate.
 42977 | Elf:1    | Found a runed translucent gate.
 42977 | Elf:1    | Found a runed translucent gate.
 42978 | Elf:1    | Found a runed translucent door.
 42990 | Elf:1    | Found a runed translucent door.
 43083 | Elf:1    | Paralysed by an air elemental for 1 turns
 43262 | Elf:1    | Identified the +10 sling "Xof Alloj" {elec, MP+9 Str+3}
 43284 | Elf:1    | Reached skill level 26 in Fighting
 43286 | Elf:1    | Paralysed by an air elemental for 1 turns
 44126 | Elf:1    | Paralysed by an air elemental for 1 turns
 44214 | Elf:1    | Noticed Louise
 44228 | Elf:1    | Killed Louise
 44319 | Elf:1    | Found a radiant altar of Vehumet.
 44601 | Elf:2    | Received a gift from Trog
 44710 | Elf:2    | Paralysed by an air elemental for 1 turns
 44749 | Elf:2    | Found a runed translucent gate.
 44755 | Elf:2    | Found a runed translucent gate.
 44756 | Elf:2    | Found a runed translucent gate.
 44821 | Abyss:3  | Cast into level 3 of the Abyss (deep elf knight)
 44854 | Abyss:3  | Found a corrupted altar of Lugonu.
 44857 | Abyss:3  | Found a corrupted altar of Lugonu.
 44857 | Abyss:3  | Found a corrupted altar of Lugonu.
 44899 | Abyss:3  | Gained mutation: You are vulnerable to cold. (rC-) [a
                  | neqoxec]
 44964 | Abyss:3  | Reached skill level 27 in Fighting
 45072 | Elf:2    | Escaped the Abyss
 45091 | Elf:2    | Received a gift from Trog
 45110 | Elf:2    | Paralysed by an air elemental for 1 turns
 46526 | Elf:2    | Noticed Saint Roka
 46549 | Elf:2    | Killed Saint Roka
 46550 | Elf:2    | Reached XP level 26. HP: 266/266 MP: 23/23
 46812 | Elf:3    | Entered Level 3 of the Elven Halls
 46856 | Elf:3    | Received a gift from Trog
 47306 | Elf:3    | Received a gift from Trog
 47647 | Elf:3    | Paralysed by an air elemental for 1 turns
 47789 | Elf:3    | Found Paidyeno's General Store.
 47797 | Elf:3    | Bought a scroll of blinking for 150 gold pieces
 47846 | Elf:3    | Identified the ring "Ybebemang" {rF+ rN+}
 48094 | Elf:3    | Identified the +3 mace of Wrath {elec, +Blink rElec rN+++
                  | MP+9}
 48095 | Elf:3    | Identified the +8 falchion of the End of Times {drain,
                  | *Corrode rC+ Will+ Dex+3}
 48097 | Elf:3    | Identified the ring "Kuothrau" {rF+ rN+ Will+}
 48195 | Elf:3    | Lost mutation: Your spells are a little harder to cast, but
                  | a little more powerful. [potion of mutation]
 48195 | Elf:3    | Lost mutation: You occasionally lose the ability to drink
                  | potions when taking damage. [potion of mutation]
 48195 | Elf:3    | Lost mutation: You are strong-willed. (Will+) [potion of
                  | mutation]
 48195 | Elf:3    | Gained mutation: You are partially covered in iridescent
                  | scales. (AC +2) [potion of mutation]
 48195 | Elf:3    | Gained mutation: You possess an exceptional clarity of
                  | mind. [potion of mutation]
 48308 | Elf:3    | Identified the +8 sling "Goscha Nyegh" {heavy, +Blink rElec
                  | Str-5 Int+4 Dex+3}
 48326 | Elf:3    | Identified the +7 plate armour of Giravim {Fly Will+ Str-4
                  | Stlth+}
 48328 | Elf:3    | Identified the staff of Titzaf {rC+ Earth}
 48437 | Elf:3    | Bought a scroll of teleportation for 60 gold pieces
 48437 | Elf:3    | Bought a scroll of teleportation for 60 gold pieces
 48437 | Elf:3    | Bought a scroll of teleportation for 60 gold pieces
 48506 | Orc:2    | Bought 2 scrolls of teleportation for 78 gold pieces
 48506 | Orc:2    | Bought a potion of haste for 130 gold pieces
 49157 | Vaults:5 | Entered Level 5 of the Vaults
 49159 | Vaults:5 | Received a gift from Trog
 49196 | Vaults:5 | Noticed an ancient lich
 49219 | Vaults:4 | Killed an ancient lich
 49688 | Vaults:5 | Identified the staff "Pudghophe" {rF+ Str+5 Dex-3 Conj
                  | Fire}
 49688 | Vaults:5 | Identified the ring "Toshowku" {EV+5 Str+4 Int+3}
 49691 | Vaults:5 | Noticed Mara
 49707 | Vaults:5 | Noticed a dread lich
 49707 | Vaults:5 | Identified the +6 dagger of Fundamental Breach {pain,
                  | Int+4}
 49732 | Vaults:5 | Killed a dread lich
 50032 | Vaults:5 | Received a gift from Trog
 50080 | Vaults:5 | Reached XP level 27. HP: 245/273 MP: 23/23
 50096 | Vaults:5 | Identified the amulet of Hedonism {Acrobat rPois Will+
                  | rCorr Dex-5}
 50112 | Vaults:5 | Noticed Whimmes's illusion
 50140 | Vaults:5 | Killed Mara
 50782 | Vaults:5 | Got a silver rune of Zot
 50994 | Vaults:5 | Identified the +5 quarterstaff "Tormentor" {heavy, rElec
                  | rF+}
 51431 | Vaults:5 | Identified the +5 hand axe of Jebbiudo {freeze, rF+ rCorr
                  | Int-4}
 51837 | Slime:1  | Entered Level 1 of the Pits of Slime
 51952 | Slime:4  | Received a gift from Trog
 52224 | Slime:4  | Gained mutation: You occasionally shout uncontrollably at
                  | your foes. [a shining eye]
 52226 | Slime:4  | Gained mutation: You occasionally lose the ability to read
                  | scrolls when taking damage. [a shining eye]
 52228 | Slime:4  | Gained mutation: You are dopey. (Int -2) [a shining eye]
 52606 | Slime:5  | Entered Level 5 of the Pits of Slime
 52965 | Slime:5  | Noticed the Royal Jelly
 56430 | Slime:5  | Reached skill level 1 in Evocations
 57298 | Slime:5  | Found a viscous altar of Jiyva.
 59012 | Slime:5  | Killed the Royal Jelly
 59344 | Slime:5  | Identified the +0 pair of boots of Hedge Wizardry {Will+
                  | MP+9 Int+3}
 59352 | Slime:5  | Got a slimy rune of Zot
 59355 | Slime:5  | Identified the +1 rapier "Zoafeoh" {heavy, Int+3}
 59361 | Slime:5  | Identified the +2 ring mail of Gravity {Will+}
 59362 | Slime:5  | Identified the staff of Qiwiq {rPois rC++ Alchemy}
 59392 | Slime:5  | Identified the +4 rapier "Xipahupt" {flame, rPois rF+
                  | Str+3}
 59395 | Slime:5  | Identified the +8 scimitar "Yhublur" {spect, *Slow rElec
                  | Str-3 Dex+7}
 59416 | Slime:5  | Found the +13 scythe of Curses {drain, curses, ^Drain}
 59425 | Slime:5  | Identified the +0 lajatang "Mush" {spect, rPois rC- rN+}
 59428 | Slime:5  | Identified the +0 plate armour of the Desolation of Salt
                  | {Dex+4}
 60035 | Zig:1    | Entered Level 1 of a ziggurat
 60059 | Zig:2    | Entered Level 2 of a ziggurat
 60093 | Zig:3    | Entered Level 3 of a ziggurat
 60374 | Zig:4    | Entered Level 4 of a ziggurat
 60383 | Zig:4    | Reached skill level 5 in Evocations
 60410 | Zig:4    | Identified the ring "Gizu" {Fire Will++ Str-5 Dex+2 Stlth+}
 60415 | Zig:5    | Entered Level 5 of a ziggurat
 60569 | Zig:5    | Lost mutation: You occasionally lose the ability to read
                  | scrolls when taking damage. [potion of mutation]
 60569 | Zig:5    | Lost mutation: You occasionally shout uncontrollably at
                  | your foes. [potion of mutation]
 60569 | Zig:5    | Gained mutation: You have large cloven feet. [potion of
                  | mutation]
 60569 | Zig:5    | Gained mutation: You have supernaturally acute eyesight.
                  | (SInv) [potion of mutation]
 60571 | Zig:6    | Entered Level 6 of a ziggurat
 60593 | Zig:7    | Entered Level 7 of a ziggurat
 61038 | Zig:7    | Identified the +2 sling of Tenacity {heavy, +Blink}
 61052 | Zig:8    | Entered Level 8 of a ziggurat
 61417 | Zig:9    | Entered Level 9 of a ziggurat
 61484 | Zig:9    | Identified the ring of Pumydesch {rCorr Int+4}
 61499 | Zig:9    | Identified the ring of Teyss {rF+ EV+5 Int+2}
 61605 | Zig:10   | Entered Level 10 of a ziggurat
 61660 | Zig:10   | Identified the ring of Xom's Attic {rPois rC++ rCorr Dex-2}
 61687 | Zig:11   | Entered Level 11 of a ziggurat
 61700 | Zig:11   | Found the +6 lightning scales {swift, rElec}
 61703 | Zig:11   | Paralysed by a wendigo for 1 turns
 61705 | Zig:11   | Paralysed by a wendigo for 1 turns
 61705 | Zig:11   | HP: 12/273 [wendigo/stunning burst (4)]
 61710 | Zig:11   | Reached skill level 10 in Evocations
 62017 | Zig:11   | Identified the staff of Gloom {Str+5 Int+4 Stlth- Earth}
 62023 | Zig:11   | Identified the +7 dagger of Pifrarai {freeze, SInv}
 62362 | Vaults:2 | Bought a scroll of immolation for 48 gold pieces
 62362 | Vaults:2 | Bought a scroll of butterflies for 48 gold pieces
 63149 | Zot:1    | Entered Level 1 of the Realm of Zot
 65134 | Zot:2    | Noticed an orb of fire
 65148 | Zot:2    | Killed an orb of fire
 66976 | Zot:3    | Identified the maw talisman "Udwemm" {rElec rPois Int-5}
 67004 | Zot:3    | Identified the maw talisman "Pacehul" {rC+ Int-3 Slay+2}
 67778 | Zot:4    | Noticed an orb of fire
 67785 | Zot:4    | Killed an orb of fire
 67872 | Zot:4    | Received a gift from Trog
 68663 | Zot:4    | Gained mutation: You have a pair of small antennae on your
                  | head. [a shining eye]
 68672 | Zot:4    | Lost mutation: You possess an exceptional clarity of mind.
                  | [a shining eye]
 68673 | Zot:4    | Gained mutation: Your magical capacity is low. (-10% MP) [a
                  | shining eye]
 68674 | Zot:4    | Gained mutation: You are mostly covered in iridescent
                  | scales. (AC +4) [a shining eye]
 69240 | Zot:5    | Entered Level 5 of the Realm of Zot
 69919 | Zot:5    | Noticed an ancient lich
 69937 | Zot:5    | Killed an ancient lich
 69987 | Zot:5    | Noticed an ancient lich
 69988 | Zot:5    | Noticed an orb of fire
 69992 | Zot:5    | Noticed an orb of fire
 69995 | Zot:5    | Gained mutation: You occasionally lose the ability to read
                  | scrolls when taking damage. [an orb of fire]
 69996 | Zot:5    | Noticed an orb of fire
 70011 | Zot:5    | Killed an ancient lich
 70015 | Zot:5    | Killed an orb of fire
 70027 | Zot:5    | Noticed an orb of fire
 70027 | Zot:5    | Gained mutation: Your magical capacity is very low. (-20%
                  | MP) [an orb of fire]
 70028 | Zot:5    | Noticed an orb of fire
 70376 | Zot:5    | Killed an orb of fire
 70562 | Zot:5    | Lost mutation: You occasionally lose the ability to read
                  | scrolls when taking damage. [potion of mutation]
 70562 | Zot:5    | Lost mutation: You have a pair of small antennae on your
                  | head. [potion of mutation]
 70562 | Zot:5    | Lost mutation: You are vulnerable to cold. (rC-) [potion of
                  | mutation]
 70562 | Zot:5    | Lost mutation: You are mostly covered in iridescent scales.
                  | (AC +4) [potion of mutation]
 70753 | Zot:5    | Gained mutation: You are frail. (-10% HP) [an orb of fire]
 70761 | Zot:5    | Gained mutation: You are weak. (Str -2) [an orb of fire]
 70763 | Zot:5    | Killed an orb of fire
 70881 | Zot:5    | Gained mutation: You sometimes lose your temper in combat.
                  | [an orb of fire]
 70883 | Zot:5    | Gained mutation: You are very weak. (Str -4) [an orb of
                  | fire]
 70891 | Zot:5    | Killed an orb of fire
 71387 | Zot:5    | Gained mutation: You occasionally shout uncontrollably at
                  | your foes. [an orb of fire]
 71395 | Zot:5    | Killed an orb of fire
 71886 | Zot:5    | Got the Orb of Zot
 72409 | D:3      | Noticed Rehuogiuh the pandemonium lord
 72431 | D:2      | Noticed Qoqoutekk the pandemonium lord
 72449 | D:$      | Escaped with the Orb!

Illustrated notes

Levels and vault maps discovered:
D:1:      dpeg_arrival_boxes_within_box, layout_loops_ring
D:2:      layout_rooms
D:3:      layout_rooms, minitemple, nicolae_uskayaw_en_pointe
D:4:      layout_rooms, serial_shops, shop, serial_demonic, serial_demonic_f,
          serial_demonic_f, serial_demonic_d, serial_demonic_b,
          serial_demonic_c, serial_demonic_c, uniq_natasha
D:5:      layout_gridville, nicolae_overflow_crystal_walls,
          nicolae_overflow_two_pavilions, minmay_temple_entry_large_hall,
          grunt_decor_mini_mirrors, uniq_edmund, uniq_menkaure
D:6:      layout_loops_ring
D:7:      layout_cave_pools, tso_metal_star, grunt_qazlal_sundering,
          gammafunk_ghost_icy, enter_bailey_2
D:8:      layout_loops_ring, kennysheep_nub, chequers_serial_rivers_large_b,
          roderic_lattice_a, nicolae_elevator_lobby_plus
D:9:      layout_basic, kennysheep_windowed_goal
D:10:     layout_loops_ring, hellmonk_lair_entry_icy, minmay_fountain_box,
          nicolae_concentric_dashed_squares_wild, nicolae_twisting_strands,
          st_stairs_3
D:11:     layout_basic, nicolae_nh_vlads_tower
D:12:     layout_gridville, kennysheep_flooded_box, uniq_kirke
D:13:     layout_stronghold, erik_vaults_1, uniq_snorg
D:14:     layout_roguey, minivault_25, serial_co_window_serial,
          co_window_paths_b, co_window_paths_a, co_window_paths_a,
          co_window_paths_a, co_window_corner_a, co_window_paths_a,
          co_window_cross_1, co_window_broadway_c, co_window_of_opportunity_b,
          co_window_paths_c, co_window_broadway_c, co_window_2corner,
          glass_columns_b, glass_columns_a, glass_columns_a
D:15:     gammafunk_enter_depths_forms, layout_basic,
          pdpol_wu_jian_five_deadly_venoms,
          ploomutoo_gammafunk_ghost_potion_laboratory, minmay_unpleasant_kobolds
Temple:   nicolae_temple_bog_church
Lair:1:   layout_hall_layers, infiniplex_staircase_pool_2, grunt_megastairs_3,
          lemuel_fruit_fields
Lair:2:   beast_lair_carwin_large_2, layout_regular_city,
          mainiacjoe_swamp_entry_lozenge_pond, serial_bayou_pond_b,
          serial_bayou_ford_a, st_stairs_13
Lair:3:   layout_loops_ring, spider_nest_entry_a, nicolae_volcano_entry_batcave
Lair:4:   layout_cave_pods, ebering_ghost_rock_garden,
          chequers_serial_rivers_marsh
Lair:5:   hellmonk_lair_end_abyssal_woods, layout_cave_pods, slime_entry_1,
          fungi_pond_lemuel, lemuel_fruit_tree
Swamp:1:  layout_basic_swamp, evilmike_swamp_ruin_rubble_2, uniq_jorgrun
Swamp:2:  layout_basic_swamp, evilmike_swamp_ruin_rubble_1
Swamp:3:  layout_basic_swamp, evilmike_swamp_ruin_house_5, uniq_bai_suzhen
Swamp:4:  swamp_icy, layout_basic_swamp
Spider:1: layout_spider_delve, uniq_nikola, uniq_aizul
Spider:2: layout_spider_delve, hangedman_spider_tarantella_strand
Spider:3: mumra_spider_spiderweb, portal_ice_cave_entry_pillars_four,
          hellmonk_test_site
Spider:4: grunt_spider_rune_island, uniq_asterion, uniq_arachne, uniq_donald
Slime:1:  layout_caves, nicolae_slime_ancient_tower_intersection
Slime:2:  layout_caves
Slime:3:  layout_caves, uniq_dissolution
Slime:4:  layout_caves
Slime:5:  slime_pit_nicolae_block_by_block
Orc:1:    layout_caves
Orc:2:    grunt_orc_cross, layout_caves, serial_shops, shop
Elf:1:    nicolae_elf_arrival_dilemma, layout_loops_corners,
          nicolae_elf_shapeshifter_party, david_defended_altar_elf, uniq_louise
Elf:2:    nicolae_elf_blades_splatter_lattice
          [nicolae_blade_entry_area_security], layout_rooms, serial_sigils,
          serial_sigils_hangedman_confine, serial_sigils_hangedman_writhe,
          serial_sigils_hangedman_snap, serial_sigils_hangedman_clutch,
          serial_sigils_hangedman_stare, uniq_saint_roka
Elf:3:    elf_hall, layout_geoelf_diagonals, serial_shops, shop,
          nicolae_elf_m_pinch, eino_tiny_chamber, nicolae_elf_blasts_and_bolts
Vaults:1: vaults_mumra_lcd, v_misc_8, nicolae_vaults_yaktaur_gun_rack,
          nicolae_vaults_sightless_eye, ontoclasm_vaults_idyll, v_misc_19,
          nicolae_vaults_storage_closets_2, vaults_room_stairs_pillars,
          nicolae_vaults_trapezoid_2, nicolae_vaults_trapezoid_3,
          nicolae_vaults_border_crossing, vaults_room_stairs_pillars,
          nicolae_vaults_mini_display_case, nicolae_vaults_little_squares_2,
          layout_vaults_ring
Vaults:2: serial_library_regret_index_small_wings, vaults_mumra_chevron_long,
          vaults_standard_mumra_x, nicolae_vaults_closet_pinwheel_5,
          minmay_crypt_entry_nasty_monster, nicolae_vaults_know_your_exits,
          ontoclasm_vaults_pinch, grunt_vaults_twisty, layout_vaults_omnigrid,
          serial_shops, nicolae_shop_tiny_statue_garden
Vaults:3: gammafunk_sealed_arena, nicolae_vaults_closet_pinwheel_3,
          nicolae_vaults_little_squares_2, nicolae_vaults_tetromino_L_2,
          grunt_vaults_hallway_short, v_misc_4, nicolae_vaults_stepped_doors,
          nicolae_vaults_sealed_display, nicolae_vaults_three_branches,
          nicolae_vaults_mitosis, nicolae_vaults_diamond_1,
          layout_vaults_omnicross, serial_shops, nicolae_shop_waterfront,
          nicolae_shop_advertising_works [nicolae_subvault_shop_adworks], shop,
          nicolae_shop_trees, shop, uniq_norris
Vaults:4: hangedman_vaults_snaps, vaults_dpeg_doors, v_misc_16, v_misc_32,
          vaults_room_hallway, nicolae_vaults_house_1, layout_vaults_big_room
Vaults:5: uniq_mara
Depths:1: layout_gridlike, abyss_entry, chequers_serial_rivers_room_a,
          lightli_too_deep, pan_entry, grunt_ministairs_13,
          nemelex_spade_bored_becter
Depths:2: hangedman_box_tower, layout_long_grid, pf_vacation_house_of_asmodeus,
          pan_entry, serial_shops, nicolae_shop_back_alley_shop,
          nzn_life_drinkers, minmay_shop_grove, uniq_grunn
Depths:3: grunt_arcs, layout_gridlike, serial_rivers,
          chequers_serial_rivers_small_a, chequers_serial_rivers_micro_d,
          chequers_serial_rivers_large_a, chequers_serial_rivers_small_a,
          chequers_serial_rivers_marsh, chequers_serial_rivers_micro_c,
          hell_entry, abyss_entry
Depths:4: grunt_zot_entry_gee_three, layout_basic, enter_ziggurat_e,
          gammafunk_ghost_crypt, hangedman_tar_grid_catacomb, abyss_entry,
          minmay_misc_feat_more_columns
Zot:1:    layout_misc_corridors, grunt_megastairs_2
Zot:2:    layout_gridville
Zot:3:    layout_basic, regret_index_zotdec_bone_old
Zot:4:    layout_cathedral_of_symmetry, lemuel_elevator
Zot:5:    layout_gridlike

Skill      XL: |  1  2  3  4  5  6  7  8  9 10 11 12 13 14 15 16 17 18 19 20 21 22 23 24 25 26 27 |
---------------+----------------------------------------------------------------------------------+-----
Fighting       | 4 5 9 15 17 20 22 24 25 27 | 27.0
Armour         | 3 4 5 10 11 15 20 | 20.0
Axes           | 5 8 10 13 14 16 17 18 20 | 20.8
Polearms       | 7 12 14 15 18 20 24 26 | 26.2
Dodging        | 5 7 8 10 13 | 13.1
Shields        | 8 10 11 15 21 22 25 | 25.0
Throwing       | 4 6 7 10 14 16 | 16.0
Evocations     | 10 | 10.3

Action                     |  1- 3 |  4- 6 |  7- 9 | 10-12 | 13-15 | 16-18 | 19-21 | 22-24 | 25-27 || total
---------------------------+-------+-------+-------+-------+-------+-------+-------+-------+-------++-------
  Melee: Hand axe          |    63 |   157 |   163 |       |       |       |       |       |       ||   383
         Punch             |       |     4 |     1 |       |       |       |     1 |       |       ||     6
         Unarmed           |       |     1 |       |       |       |       |       |       |       ||     1
         Halberd           |       |       |    18 |   524 |   405 |       |       |       |       ||   947
         Broad axe         |       |       |       |     7 |       |       |   262 |    74 |   349 ||   692
         Morningstar       |       |       |       |       |    41 |       |       |       |       ||    41
         Battleaxe         |       |       |       |       |   282 |       |    33 |       |       ||   315
         Lajatang          |       |       |       |       |    14 |       |       |       |       ||    14
         Trishula          |       |       |       |       |   167 |   487 |   804 |  1661 |  2333 ||  5452
         Demon trident     |       |       |       |       |       |       |       |       |   122 ||   122
  Throw: Dart              |       |       |       |     1 |    18 |    14 |    17 |    28 |    14 ||    92
         Javelin           |       |       |       |       |       |     5 |       |   114 |   131 ||   250
         Throwing net      |       |       |       |       |       |       |       |       |     3 ||     3
 Invoke: Berserk           |     3 |     5 |     8 |     8 |    10 |     5 |    11 |     6 |    23 ||    79
         Trog's Hand       |       |       |     2 |     3 |     6 |     4 |     9 |     8 |    34 ||    66
         Brothers in Arms  |       |       |       |       |     2 |     1 |     1 |     3 |    14 ||    21
  Evoke: Wand              |       |       |     1 |     6 |     3 |    29 |    17 |     6 |    86 ||   148
         Phantom mirror    |       |       |       |       |       |       |     1 |     1 |     3 ||     5
         Lightning rod     |       |       |       |       |       |       |       |     1 |     4 ||     5
         Phial of floods   |       |       |       |       |       |       |       |     1 |       ||     1
         Box of beasts     |       |       |       |       |       |       |       |       |     1 ||     1
    Use: Scroll            |     2 |     3 |     7 |    13 |     8 |     1 |    14 |    10 |    48 ||   106
         Potion            |       |       |     4 |     1 |     7 |     5 |    10 |     8 |    40 ||    75
   Stab: Invisible         |       |       |       |     1 |     8 |       |    10 |     2 |     6 ||    27
         Sleeping          |       |       |       |       |     1 |       |       |       |       ||     1
         Distracted        |       |       |       |       |       |     1 |       |     1 |     2 ||     4
 Armour: Animal skin       |     6 |       |       |       |       |       |       |       |       ||     6
         Chain mail        |    17 |    26 |       |       |       |       |       |       |       ||    43
         Scale mail        |     5 |       |       |       |       |       |       |       |       ||     5
         Ring mail         |       |    82 |    91 |    95 |    59 |       |       |       |       ||   327
         Skin              |       |     3 |       |       |       |       |       |       |       ||     3
         Acid dragon scale |       |       |       |    32 |   261 |   154 |   496 |   488 |    49 ||  1480
         Gold dragon scale |       |       |       |       |       |       |       |       |  1327 ||  1327
  Dodge: Dodged            |    19 |    71 |    74 |   110 |   346 |   142 |   581 |   400 |   747 ||  2490
         Repelled          |       |     4 |     1 |     2 |     3 |     7 |     6 |       |       ||    23
  Block: Kite shield       |       |       |       |       |    29 |   133 |   861 |   904 |  1732 ||  3659
         Reflection        |       |       |       |       |       |     1 |    13 |    45 |   105 ||   164
         Other             |       |       |       |       |       |       |    13 |       |       ||    13
